 Dungeon Crawl Stone Soup version 0.22.1-2-g9c5b331 (webtiles) character file.

10965 lysyklops the Fighter (level 11, -4/102 HPs)
             Began as a Minotaur Fighter on Dec 17, 2018.
             Was a Believer of Qazlal.
             Slain by a nine-headed hydra (7 damage)
             ... on level 11 of the Dungeon.
             The game lasted 00:24:27 (9284 turns).

lysyklops the Fighter (Minotaur Fighter)            Turns: 9284, Time: 00:24:28

Health: -4/102     AC: 13    Str: 29    XL:     11   Next: 43%
Magic:  0/12       EV:  8    Int:  7    God:    Qazlal [**....]
Gold:   796        SH: 18    Dex: 11    Spells: 10/10 levels left

rFire    . . .     SeeInvis +   L - +1 long sword "Udepuots" {holy, Fragile rF+ Stlth+}
rCold    . . .     Gourm    .   c - +0 shield
rNeg     . . .     Faith    .   u - +0 chain mail "Ypparuan" {Regen+ rCorr}
rPois    .         Spirit   +   (helmet restricted)
rElec    .         Reflect  +   k - scarf {Spirit}
rCorr    +         Harm     .   M - +0 pair of gloves of Hiagoruf {rF- Str+3 Int+2}
MR       .....                  (no boots)
Stlth    ..........             t - +3 amulet of reflection
HPRegen  0.67/turn              l - +3 ring of strength
MPRegen  0.13/turn              m - ring of see invisible

@: no status effects
A: retaliatory headbutt, horns 2
a: Upheaval, Renounce Religion


You were on level 11 of the Dungeon.
You worshipped Qazlal.
Qazlal was pleased with you.
You were not hungry.

You visited 2 branches of the dungeon, and saw 12 of its levels.

You collected 796 gold pieces.

Inventory:

Hand Weapons
 L - the +1 long sword "Udepuots" (weapon) {holy, Fragile rF+ Stlth+}
   (You found it on level 10 of the Dungeon)

   It has been blessed by the Shining One to cause great damage to the undead
   and demons.
   It protects you from fire.
   It will be destroyed if unequipped.
   It makes you more stealthy.
Armour
 c - a +0 shield (worn)
 k - a scarf of spirit shield (worn)
 u - the +0 chain mail "Ypparuan" (worn) {Regen+ rCorr}
   (You found it on level 4 of the Dungeon)

   It increases your rate of regeneration.
   It provides partial protection from all sources of acid and corrosion.
 M - the +0 pair of gloves of Hiagoruf (worn) {rF- Str+3 Int+2}
   (You found it on level 10 of the Dungeon)

   It affects your strength (+3).
   It affects your intelligence (+2).
   It makes you vulnerable to fire.
Jewellery
 j - an uncursed ring of poison resistance {unknown}
 l - a +3 ring of strength (left hand)
 m - a ring of see invisible (right hand)
 t - a +3 amulet of reflection (around neck)
 B - an uncursed ring of protection from fire {unknown}
Wands
 x - a wand of flame (13)
 E - a wand of paralysis (17)
 H - a wand of enslavement (12)
 K - a wand of disintegration (16)
Scrolls
 b - 4 scrolls of teleportation
 e - 2 scrolls of fog
 h - 3 scrolls of enchant weapon
 n - 4 scrolls of identify
 o - a scroll of fear
 r - 8 scrolls of remove curse
 s - 2 scrolls of magic mapping {unknown}
 v - a scroll of blinking {unknown}
 w - 2 scrolls of enchant armour {unknown}
 y - 2 scrolls of amnesia {unknown}
 C - 3 scrolls of immolation {unknown}
 F - a scroll of acquirement {unknown}
 G - 2 scrolls of torment {unknown}
Potions
 d - 3 potions of might
 g - 6 potions of curing
 i - 2 potions of lignification
 p - 6 potions of brilliance
 q - a potion of heal wounds {unknown}
 z - 3 potions of cancellation {unknown}
 A - a potion of berserk rage {unknown}
 D - a potion of resistance {unknown}
 I - a potion of haste
Comestibles
 a - 10 chunks of flesh
 f - 17 rations


   Skills:
 + Level 11.1 Fighting
 + Level 10.8 Long Blades
 + Level 11.1 Armour
 + Level 11.1 Shields
 + Level 3.7 Invocations


You had 10 spell levels left.
You didn't know any spells.
Your spell library contained the following spells:

 Spells                   Type           Power        Failure   Level  Hunger
 Animate Skeleton         Necr           N/A          96%         1    ##.....
 Beastly Appendage        Tmut           #.....       96%         1    ##.....
 Flame Tongue             Conj/Fire      #....        96%         1    ##.....
 Pain                     Necr           #...         96%         1    ##.....
 Sticks to Snakes         Tmut           #.......     99%         2    ###....
 Throw Flame              Conj/Fire      #.....       99%         2    ###....
 Conjure Flame            Conj/Fire      #.......     100%        3    ####...
 Inner Flame              Hex/Fire       #.......     100%        3    ####...
 Regeneration             Chrm/Necr      #.........   100%        3    ####...
 Spider Form              Tmut/Pois      #.........   100%        3    ####...
 Vampiric Draining        Necr           #.........   100%        3    ####...
 Animate Dead             Necr           N/A          100%        4    #####..
 Ice Form                 Ice/Tmut       #.......     100%        4    #####..
 Sticky Flame             Conj/Fire      #.......     100%        4    #####..
 Blade Hands              Tmut           #.........   100%        5    ######.
 Fireball                 Conj/Fire      #.........   100%        5    ######.


Dungeon Overview and Level Annotations

Branches:
Dungeon (11/15)            Temple (1/1) D:7            Lair (0/6) D:11
    Orc (0/2) D:11

Altars:
Ashenzari
Cheibriados
Dithmenos
Elyvilon
Gozag
Okawaru
Qazlal
Ru
Uskayaw
Vehumet
The Shining One

Shops:
D:10 =


Innate Abilities, Weirdness & Mutations

You reflexively headbutt those who attack you in melee.
You have a pair of horns on your head.


Message History

The nine-headed hydra bites you but does no damage.
The nine-headed hydra bites you.
* * * LOW HITPOINT WARNING * * *
The nine-headed hydra bites you but does no damage.
The nine-headed hydra barely misses you.
The nine-headed hydra bites you.
* * * LOW HITPOINT WARNING * * *
The big kobold hits you from afar with a halberd.
* * * LOW HITPOINT WARNING * * *
You continue taking off your scarf of spirit shield.
The nine-headed hydra bites you!
* * * LOW HITPOINT WARNING * * *
The nine-headed hydra bites you.
* * * LOW HITPOINT WARNING * * *
You block the nine-headed hydra's attack.
The nine-headed hydra bites you.
* * * LOW HITPOINT WARNING * * *
You block the nine-headed hydra's attack.
The nine-headed hydra bites you!
You die...

...## .. #YY.K....' ...### .#
##.##YY.P%' .....####'#######
#...# ..(%' ...(.##.........#
#...# ...# .....##.........#
#...####### ....)##.........#
###Y........
................####.Y.........
.....#..........#.KYY#.........
.....#..........@D#########.###
#.#####.........### .# #.##
#.........# # #..# ###'#######
##.# #.##### #.# #.....#
##รท### #####'### .....#
#.......# .....####.......#


You could see a nine-headed hydra, 2 yaks, a big kobold and 2 dream sheep.

Vanquished Creatures
  An ugly thing (D:11)
  Pikel (D:5)
  4 gargoyles (D:10)
  A komodo dragon (D:11)
  Grinder (D:6)
  7 yaks
  A wyvern (D:7)
  Eustachio (D:6)
  3 hungry ghosts
  2 wargs (D:11)
  8 ice beasts
  6 orc warriors
  A black bear (D:9)
  2 sky beasts
  4 phantoms
  A slave (D:5)
  4 centaurs
  4 ogres
  A big kobold (D:7)
  A crocodile (D:8)
  2 bullfrogs
  Blork the orc (D:6)
  A wyvern zombie (D:7)
  2 scorpions
  5 killer bees (D:10)
  8 wights
  2 howler monkeys
  A bullfrog zombie (D:4)
  7 crimson imps
  3 quasits
  2 centaur zombies (D:5)
  8 hounds
  11 orc priests
  A gnoll shaman (D:6)
  2 jellies
  A bullfrog skeleton (D:9)
  3 centaur skeletons
  11 orc wizards
  3 iguanas
  8 worker ants
  A worker ant zombie (D:8)
  A howler monkey zombie (D:6)
  A howler monkey skeleton (D:10)
  9 adders
  18 gnolls
  4 shadow imps
  An ooze (D:4)
  An adder skeleton (D:6)
  An adder zombie (D:5)
  6 worms
  4 dart slugs
  5 leopard geckos
  39 orcs
  12 bats
  2 giant cockroaches
  5 goblins
  10 hobgoblins
  14 jackals
  5 quokkas
  4 ball pythons
  3 frilled lizards
  9 kobolds
  A leopard gecko skeleton (D:4)
  2 quokka zombies
  11 rats
305 creatures vanquished.

Vanquished Creatures (others)
  2 centaurs
  An iguana (D:5)
  A worker ant (D:7)
  A dart slug (D:5)
  An orc (D:5)
  A giant cockroach (D:5)
  A jackal zombie (D:5)
  2 plants (D:11)
10 creatures vanquished.

Grand Total: 315 creatures vanquished

Notes
Turn   | Place    | Note
-------+----------+-------------------------------------------
     0 | D:1      | lysyklops the Minotaur Fighter began the quest for the Orb.
     0 | D:1      | Reached XP level 1. HP: 19/19 MP: 0/0
   108 | D:1      | Reached XP level 2. HP: 18/27 MP: 1/1
   406 | D:1      | Reached XP level 3. HP: 22/33 MP: 2/2
   904 | D:2      | Reached XP level 4. HP: 18/41 MP: 1/3
  1979 | D:3      | Reached XP level 5. HP: 38/47 MP: 2/4
  2039 | D:3      | HP: 1/47 [poisoned by an orc priest]
  2659 | D:4      | Reached skill level 5 in Fighting
  2726 | D:4      | Got an ancient chain mail
  2737 | D:4      | Identified the cursed +0 chain mail "Ypparuan" {Regen+
                  | rCorr} (You found it on level 4 of the Dungeon)
  2772 | D:4      | Reached skill level 5 in Shields
  2908 | D:4      | Reached skill level 5 in Armour
  3033 | D:4      | Reached XP level 6. HP: 56/56 MP: 5/5
  3335 | D:4      | Found a shattered altar of Ashenzari.
  3696 | D:5      | Entered Level 5 of the Dungeon
  3854 | D:5      | Noticed a slave
  3854 | D:5      | Noticed a slave
  3855 | D:5      | Noticed a slave
  3856 | D:5      | Noticed a slave
  3857 | D:5      | Noticed Pikel
  3871 | D:5      | Killed a slave
  3888 | D:5      | Killed Pikel
  3888 | D:5      | Reached skill level 5 in Long Blades
  3888 | D:5      | Reached XP level 7. HP: 61/64 MP: 4/6
  3992 | D:5      | Reached XP level 8. HP: 53/71 MP: 7/7
  4833 | D:6      | Noticed Eustachio
  4833 | D:6      | Noticed Grinder
  4839 | D:6      | Killed Eustachio
  4845 | D:6      | Paralysed by Grinder for 2 turns
  4867 | D:6      | Paralysed by Grinder for 6 turns
  4878 | D:6      | Killed Grinder
  4979 | D:6      | Reached XP level 9. HP: 81/81 MP: 8/8
  5374 | D:6      | Noticed Blork the orc
  5390 | D:6      | Killed Blork the orc
  5673 | D:7      | Found a shadowy altar of Dithmenos.
  5676 | D:7      | Found a radiant altar of Vehumet.
  5679 | D:7      | Found a hide-covered altar of Uskayaw.
  5759 | D:7      | Found a sacrificial altar of Ru.
  6383 | D:7      | Found a staircase to the Ecumenical Temple.
  6392 | Temple   | Entered the Ecumenical Temple
  6400 | Temple   | Became a worshipper of Qazlal Stormbringer
  6644 | D:8      | Reached XP level 10. HP: 78/91 MP: 9/9
  6882 | D:8      | Found a glowing golden altar of the Shining One.
  7226 | D:8      | Found an iron altar of Okawaru.
  7564 | D:9      | Found a snail-covered altar of Cheibriados.
  7731 | D:9      | Reached * piety under Qazlal
  7745 | D:9      | Reached skill level 10 in Fighting
  7781 | D:9      | Found an opulent altar of Gozag.
  7819 | D:9      | Reached skill level 10 in Shields
  7827 | D:9      | Reached skill level 10 in Armour
  8093 | D:9      | Reached skill level 10 in Long Blades
  8093 | D:9      | Reached skill level 1 in Invocations
  8278 | D:10     | Entered Level 10 of the Dungeon
  8403 | D:10     | Found Amuokack's Jewellery Boutique.
  8493 | D:10     | Noticed a gargoyle
  8510 | D:10     | Got a warped long sword
  8511 | D:10     | Identified the +1 long sword "Udepuots" {holy, Fragile rF+
                  | Stlth+} (You found it on level 10 of the Dungeon)
  8519 | D:10     | Killed a gargoyle
  8529 | D:10     | Noticed a gargoyle
  8536 | D:10     | Killed a gargoyle
  8536 | D:10     | Reached XP level 11. HP: 86/101 MP: 9/11
  8650 | D:10     | Got a pair of heavily runed gloves
  8656 | D:10     | Identified the +0 pair of gloves of Hiagoruf {rF- Str+3
                  | Int+2} (You found it on level 10 of the Dungeon)
  8863 | D:11     | Reached ** piety under Qazlal
  8882 | D:11     | Found a staircase to the Lair.
  8920 | D:11     | Noticed a purple ugly thing
  8937 | D:11     | Killed a purple ugly thing
  8987 | D:11     | Found a staircase to the Orcish Mines.
  9254 | D:11     | Noticed a three-headed hydra
  9284 | D:11     | HP: 4/102 [nine-headed hydra (6)]
  9284 | D:11     | Slain by a nine-headed hydra

Skill      XL: |  1  2  3  4  5  6  7  8  9 10 11 |
---------------+----------------------------------+-----
Fighting       | 4 5 6 8 9 10 11 | 11.1
Armour         | 4 5 6 7 9 10 11 | 11.1
Shields        | 4 5 6 8 9 10 11 | 11.1
Long Blades    | 3 4 5 6 7 9 10 | 10.8
Invocations    | 2 3 |  3.7

Action                   |  1- 3 |  4- 6 |  7- 9 | 10-12 || total
-------------------------+-------+-------+-------+-------++-------
Melee: Long sword        |   110 |   200 |   110 |   169 ||   589
       Headbutt          |    14 |    44 |    69 |    91 ||   218
       Scimitar          |       |       |   293 |   245 ||   538
Invok: Upheaval          |       |       |       |     2 ||     2
  Use: Potion            |       |     1 |       |       ||     1
       Scroll            |       |       |     7 |       ||     7
  Eat: Chunk             |       |     9 |     7 |     8 ||    24
       Ration            |       |       |     1 |     2 ||     3
Armor: Scale mail        |    54 |    29 |       |       ||    83
       Chain mail        |       |    45 |   157 |   143 ||   345
Dodge: Dodged            |    44 |    52 |    82 |    88 ||   266
       Deflected         |       |       |     4 |       ||     4
Block: Shield            |    72 |    99 |   272 |   372 ||   815
       Reflection        |       |       |     9 |    14 ||    23
       Rpst.: Long sword |    15 |    14 |     4 |     9 ||    42
       Scimitar          |       |       |    12 |     7 ||    19
